 Dungeon Crawl Stone Soup version 0.26-b1-32-g5d43845318 (webtiles) character file.

Game seed: 10283419192718630058

612291 Arum the Conqueror (level 26, -4/241 (242) HPs)
             Began as a Demonspawn Monk on Jan 13, 2021.
             Was the Champion of Jiyva.
             Slain by Geryon (23 damage)
             ... in the Vestibule of Hell.
             The game lasted 03:00:26 (71856 turns).

Arum the Conqueror (Demonspawn Monk)               Turns: 71856, Time: 03:00:27

HP:   -4/241 (242)  AC: 28    Str: 15    XL:     26   Next: 79%
MP:   10/10         EV: 35    Int: 11    God:    Jiyva [******]
Gold: 2334          SH: 20    Dex: 42    Spells: 19/25 levels left

rFire    + + .     SeeInvis +   L - +10 mace of Kelop {vorpal, +Rage +Inv MP-9 SInv}
rCold    + + .     Faith    .   n - +2 buckler {AC+3}
rNeg     + . .     Spirit   .   S - +3 troll leather armour {Snorg}
rPois    +         Reflect  +   y - +2 helmet {SInv}
rElec    .         Harm     .   O - +1 cloak {rCorr}
rCorr    +         Rampage  .   N - +0 pair of gloves of Parlour Games {rC++ Regen+ MP-9 Str+3}
Will     +++..     Clarity  +   (boots unavailable)
Stlth    +++.......             I - amulet of Xom's Flight of Fancy {Reflect Will++ Str+7 Int+4 SH+5}
HPRegen  1.30/turn              e - ring of Fyipo {rPois rF++ Str-3 Slay+3}
MPRegen  0.12/turn              d - ring of the Tortoise {AC+8}

@: mighty, lightly drained
A: hooves 3, see invisible, clarity, negative energy resistance 1, sense
surroundings 1, poison resistance, powered by pain 3, spiny 3, 50% torment
resistance, acidic bite, eyeballs 1, tendrils, jelly absorbing missiles, black
mark, big brain 3
}: 3/15 runes: decaying, serpentine, silver
a: Renounce Religion, Evoke Berserk Rage, Evoke Invisibility, Request Jelly,
Slimify, Cure Bad Mutation


You were in the Vestibule of Hell.
You worshipped Jiyva.
Jiyva was exalted by your worship.
You visited 10 branches of the dungeon, and saw 50 of its levels.
You visited 1 bazaar.
You also visited: Ossuary, Bailey, Gauntlet, Ice Cave, Volcano, Wizlab and Desolation.

You collected 7732 gold pieces.
You spent 5398 gold pieces at shops.

Inventory:

Hand Weapons
 g - the +9 whip of Trog's Castigation {flame, rN++ Will++ Int-5}
   (You found it on level 5 of the Dungeon)

   It has been specially enchanted to burn those struck by it, causing extra
   injury to most foes and up to half again as much damage against particularly
   susceptible opponents.
   It affects your intelligence (-5).
   It greatly protects you from negative energy.
   It affects your willpower, your defense against some magical effects.
 t - a +5 demon blade of venom
 L - the +10 mace of Kelop (weapon) {vorpal, +Rage +Inv MP-9 SInv}
   (You took it off a deep elf archer on level 2 of the Elven Halls)

   It inflicts extra damage upon your enemies.
   It affects your magic capacity (-9).
   It lets you see invisible.
   It lets you turn invisible.
   It lets you go berserk.
 U - a +5 demon whip of venom
Missiles
 h - 27 silver javelins
 B - 6 throwing nets (quivered)
 Q - 9 javelins
Armour
 n - a +2 buckler of protection (worn)
 y - a +2 helmet of see invisible (worn)
 N - the +0 pair of gloves of Parlour Games (worn) {rC++ Regen+ MP-9 Str+3}
   (Okawaru gifted it to you on level 15 of the Dungeon)

   It affects your strength (+3).
   It greatly protects you from cold.
   It affects your magic capacity (-9).
   It increases your rate of regeneration.
 O - a +1 cloak of preservation (worn)
 R - a +1 robe of the Archmagi
 S - a +3 troll leather armour (worn) {Snorg}
Jewellery
 d - the ring of the Tortoise (right hand) {AC+8}
   (You bought it in a shop on level 2 of the Orcish Mines)

   [ring of protection]

   It affects your AC (+8).
 e - the ring of Fyipo (left hand) {rPois rF++ Str-3 Slay+3}
   (You found it in the Desolation of Salt)

   [ring of poison resistance]

   It affects your strength (-3).
   It affects your accuracy and damage with ranged weapons and melee attacks
   (+3).
   It greatly protects you from fire.
   It protects you from poison.
 o - a +4 ring of slaying
 r - the macabre finger necklace {rN+}
   (You bought it in a shop on level 2 of the Orcish Mines)

   [amulet of nothing]

   It protects you from negative energy.
 H - the ring "Mucryes" {rElec rN+ AC+4 Str-4}
   (You found it on level 3 of the Elven Halls)

   [ring of protection]

   It affects your AC (+4).
   It affects your strength (-4).
   It insulates you from electricity.
   It protects you from negative energy.
 I - the amulet of Xom's Flight of Fancy (around neck) {Reflect Will++ Str+7 Int+4 SH+5}
   (You found it on level 3 of the Elven Halls)

   [amulet of reflection]

   It shields you and reflects attacks.
   It affects your strength (+7).
   It affects your intelligence (+4).
   It affects your willpower, your defense against some magical effects.
   It affects your SH (+5).
 M - an uncursed ring of protection from cold
 W - the ring "Zekoul" {rC+ Will+ Str+3 Slay+2 Stlth+}
   (You found it on level 3 of the Elven Halls)

   [ring of stealth]

   It affects your strength (+3).
   It affects your accuracy and damage with ranged weapons and melee attacks
   (+2).
   It protects you from cold.
   It affects your willpower, your defense against some magical effects.
   It makes you more stealthy.
Wands
 i - a wand of digging (9)
 x - a wand of iceblast (43)
 P - a wand of acid (29)
Scrolls
 c - 27 scrolls of remove curse
 k - 7 scrolls of immolation
 q - 5 scrolls of fog
 v - 19 scrolls of teleportation
 A - 13 scrolls of enchant armour
 C - 4 scrolls of silence
 J - 6 scrolls of blinking
 T - 6 scrolls of identify
 V - 4 scrolls of fear
 X - 3 scrolls of summoning
Potions
 a - 9 potions of might
 b - 6 potions of attraction
 f - 6 potions of brilliance
 j - 10 potions of haste
 l - 7 potions of ambrosia
 m - 17 potions of curing
 s - 9 potions of mutation
 u - 9 potions of magic
 w - 5 potions of berserk rage
 z - 7 potions of lignification
 D - a potion of resistance
 E - a potion of invisibility
 F - 3 potions of cancellation
 G - 7 potions of flight
Miscellaneous
 K - a condenser vane (inert)
 Y - a phantom mirror
 Z - a phial of floods (inert)


   Skills:
 O Level 27 Fighting
 - Level 13.0 Maces & Flails
 + Level 13.3 Armour
 - Level 18.0 Dodging
 - Level 1.7 Stealth
 - Level 19.0 Shields
 - Level 5.0 Unarmed Combat
 - Level 7.0 Invocations
 - Level 15.0 Evocations


You had 19 spell levels left.
You knew the following spells:

 Your Spells              Type           Power        Failure   Level
a - Statue Form           Tmut/Erth      0%           100%        6

Your spell library contained the following spells:

 Spells                   Type           Power        Failure   Level
 Animate Skeleton         Necr           0%           16%         1
 Apportation              Tloc           0%           16%         1
 Beastly Appendage        Tmut           0%           16%         1
 Corona                   Hex            0%           16%         1
 Foxfire                  Conj/Fire      0%           16%         1
 Freeze                   Ice            0%           16%         1
 Magic Dart               Conj           0%           16%         1
 Pain                     Necr           0%           16%         1
 Sandblast                Erth           0%           16%         1
 Shock                    Conj/Air       0%           16%         1
 Sting                    Tmut/Pois      0%           16%         1
 Blink                    Tloc           N/A          24%         2
 Call Imp                 Summ           0%           24%         2
 Corpse Rot               Necr/Air       N/A          24%         2
 Ensorcelled Hibernation  Hex/Ice        0%           24%         2
 Passwall                 Tmut/Erth      0%           24%         2
 Poisonous Vapours        Pois/Air       0%           24%         2
 Searing Ray              Conj           0%           24%         2
 Slow                     Hex            0%           24%         2
 Sublimation of Blood     Necr           0%           24%         2
 Swiftness                Air            0%           24%         2
 Wereblood                Tmut           0%           24%         2
 Confusing Touch          Hex            0%           43%         3
 Conjure Flame            Conj/Fire      0%           43%         3
 Dazzling Flash           Conj/Hex       0%           43%         3
 Frozen Ramparts          Ice            0%           43%         3
 Gell's Gravitas          Tloc           0%           43%         3
 Ignite Poison            Fire/Tmut/Pois 0%           43%         3
 Inner Flame              Hex/Fire       0%           43%         3
 Lesser Beckoning         Tloc           0%           43%         3
 Mephitic Cloud           Conj/Pois/Air  0%           43%         3
 Ozocubu's Armour         Ice            0%           43%         3
 Spider Form              Tmut/Pois      0%           43%         3
 Static Discharge         Conj/Air       0%           43%         3
 Stone Arrow              Conj/Erth      0%           43%         3
 Teleport Other           Tloc           0%           43%         3
 Tukima's Dance           Hex            0%           43%         3
 Vampiric Draining        Necr           0%           43%         3
 Airstrike                Air            0%           82%         4
 Animate Dead             Necr           0%           82%         4
 Cause Fear               Hex            0%           82%         4
 Hailstorm                Conj/Ice       0%           82%         4
 Ice Form                 Ice/Tmut       0%           82%         4
 Iskenderun's Mystic Bla  Conj/Tloc      0%           82%         4
 Leda's Liquefaction      Hex/Erth       0%           82%         4
 Olgreb's Toxic Radiance  Pois           0%           82%         4
 Passage of Golubria      Tloc           N/A          82%         4
 Petrify                  Tmut/Erth      0%           82%         4
 Sticky Flame             Conj/Fire      0%           82%         4
 Summon Ice Beast         Ice/Summ       0%           82%         4
 Agony                    Necr           0%           98%         5
 Alistair's Intoxication  Tmut/Pois      0%           98%         5
 Blade Hands              Tmut           0%           98%         5
 Bolt of Magma            Conj/Fire/Erth 0%           98%         5
 Fireball                 Conj/Fire      0%           98%         5
 Irradiate                Conj/Tmut      0%           98%         5
 Iskenderun's Battlesphe  Conj           0%           98%         5
 Lee's Rapid Deconstruct  Erth           0%           98%         5
 Lightning Bolt           Conj/Air       0%           98%         5
 Metabolic Englaciation   Hex/Ice        0%           98%         5
 Summon Demon             Summ           0%           98%         5
 Summon Forest            Summ/Tloc      0%           98%         5
 Yara's Violent Unravell  Hex/Tmut       0%           98%         5
 Conjure Ball Lightning   Conj/Air       0%           100%        6
 Eringya's Noxious Bog    Tmut/Pois      0%           100%        6
 Freezing Cloud           Conj/Ice/Air   0%           100%        6
 Hydra Form               Tmut           0%           100%        6
 Invisibility             Hex            0%           100%        6
 Iron Shot                Conj/Erth      0%           100%        6
 Starburst                Conj/Fire      0%           100%        6
 Spellforged Servitor     Conj/Summ      0%           100%        7
 Summon Hydra             Summ           0%           100%        7
 Discord                  Hex            0%           100%        8
 Disjunction              Tloc           0%           100%        8
 Shatter                  Erth           0%           100%        9


Dungeon Overview and Level Annotations

Branches:
Dungeon (15/15)            Temple (0/1) D:6            Lair (6/6) D:10
  Swamp (4/4) Lair:3        Snake (4/4) Lair:2        Slime (5/5) Lair:5
    Orc (2/2) D:10            Elf (3/3) Orc:2        Vaults (5/5) D:13
  Crypt (0/3) Vaults:3     Depths (5/5) D:15           Hell (1/1)
    Zot (0/5) Depths:5    Ossuary (visited)          Bailey (visited)
  IceCv (visited)         Volcano (visited)          WizLab (visited)
Desolation (visited)      Gauntlet (visited)
    Dis: Hell:1         Geh: Hell:1         Coc: Hell:1         Tar: Hell:1

Altars:
Okawaru
Qazlal
Sif Muna
Trog
Beogh
Jiyva

Shops:
D:4 ?   D:8 !   D:15 :   Orc:2 *=[((   Elf:2 ?!*   Snake:3 }=}   Vaults:1 =
Vaults:2 *   Depths:3 =*}:

Portals:
Hell: Depths:1 Depths:2 Depths:3 Depths:4 Depths:5
Abyss: Depths:4 Depths:5
Pandemonium: Depths:3 Depths:5
Ziggurat: Depths:5
Trove: D:10 (give +5 demon blade)

Annotations:
Slime:4 Dissolution
Slime:5 Royal Jelly
Hell Geryon, Murray


Innate Abilities, Weirdness & Mutations

You have hooves in place of feet.
You resist negative energy. (rN+)
You are powered by pain.
You are completely covered in sharp spines.
You are somewhat able to resist unholy torments (1 in 2 success).
Your melee attacks may debilitate your foes.
You have an absolutely massive brain. (Int +6, Wiz)
You have supernaturally acute eyesight. (SInv)
You possess an exceptional clarity of mind.
You passively map a small area around you.
Your system is resistant to poisons. (rPois)
You have acidic saliva.
Your body has grown golden eyes which may confuse attackers. (Acc +3)
You are covered in slimy tendrils that may disarm your opponents.
You have a small jelly attached to you that may absorb incoming projectiles.


Message History

The hell knight dies!
The damnation engulfs the hell knight!!
The damnation engulfs the frost giant zombie!!
The damnation engulfs the rust devil!!!
The damnation engulfs the hell hound!
The hell hound dies!
The damnation engulfs the hell hound!!
The hell hound dies!
You block the rust devil's attack.
Geryon is engulfed in blazing flames.
Geryon barely misses you.
A hell knight comes into view. It is wielding a +3 great mace.
You hear a screech!
You hear a shout! x2
Unknown command.
Unknown command.
You block the hell knight's attack.
Murray rattles his jaw.
The frost giant zombie completely misses you.
You block the rust devil's attack.
The hell knight hits you but does no damage.
Geryon is engulfed in blazing flames.
Geryon tail-slaps you from afar!!
You die...

, ,
.......§§§..p..
, ,
...4§§§§§§§.p.p
,,
.§§§§§§§§☼§...p
,
,.§§§§§§.§§§....
.§§§3§.........
≈ , ,
.§§§W.§.§§.....
, ,
.§§§2§zZz§.....,
,
.∩..§○§@p§2....
, ,
....W§§4W§.4...
....§§&p○○.....
,
....§§§§§§.....,
≈
......§§§§.....
,
......§§§4.....
, , ,
.....§§§§§.....
,
.....§§§§§.....
, ,


You could see Geryon (black mark, waterlogged), Murray (black mark), a blizzard
demon, 6 hell knights, a soul eater (black mark), 2 phantasmal warriors, 2 ice
devils, 2 rust devils, a hellion, a shadow (summoned), a wight (summoned) and a
frost giant zombie.

Vanquished Creatures
  2 ancient liches (Vaults:4)
  A juggernaut (Depths:3)
  Sojobo (Vaults:3)
  Saint Roka (Depths:4)
  Frederick (Depths:4)
  Bai Suzhen (Snake:4)
  A golden dragon (Vaults:5)
  A bone dragon (Depths:5)
  3 liches
  9 tentacled monstrosities
  Rupert (Depths:4)
  The ghost of Zumogig the Covert, an adept HuVM of Kikubaaqudgha (Elf:3)
  6 titans
  Asterion (Elf:2)
  2 ancient champions (Depths:4)
  5 deep elf master archers
  Frances (Snake:1)
  3 deep elf blademasters
  3 sphinxes
  Kirke (Snake:3)
  A thorn hunter (Swamp:3)
  The ghost of Dittersdorf the Severer, an adept MiBe of Trog (Snake:3)
  10 large abominations
  The ghost of Sokuv the Ruinous, an adept DECj of Sif Muna (Snake:3)
  12 tengu reavers
  A draconian monk (Depths:5)
  8 shadow dragons
  The ghost of Kicir the Blocker, an adept GnFi of Okawaru (Snake:3)
  Roxanne (Snake:1)
  A storm dragon (Vaults:5)
  13 nagarajas
  An iron dragon (Vaults:4)
  14 fire giants
  7 deep elf sorcerers
  15 frost giants
  14 vault wardens
  2 imperial myrmidons (Desolation)
  Louise (Snake:4)
  The ghost of Icun the Thaumaturge, a journeyman GnWr of Okawaru (Snake:3)
  A ghost moth (shapeshifter) (Vaults:4)
  A reaper (Depths:5)
  3 deep elf elementalists
  34 stone giants
  4 orc warlords
  A cacodemon (Elf:3)
  21 ironheart preservers
  15 very ugly things
  A spriggan defender (Depths:5)
  11 vampire knights
  Nessos (Lair:4)
  3 deep elf demonologists
  8 purple draconians
  2 white draconians (Depths:5)
  11 deep elf annihilators
  A red draconian (Depths:5)
  3 minotaurs
  3 entropy weavers
  A merfolk javelineer (Swamp:1)
  The ghost of Hiywul the Fighter, a journeyman MiHu of Trog (Lair:4)
  5 spark wasps
  An eleionoma (Swamp:2)
  Snorg (Lair:4)
  2 bunyips
  2 halazid warlocks (Desolation)
  2 yellow draconians
  9 statues (WizLab)
  9 ettins
  A green death (Hell)
  7 deep elf death magi
  2 merfolk impalers (Snake:4)
  13 crystal guardians
  10 ragged hierophants (Desolation)
  A shambling mangrove (Swamp:2)
  25 yaktaur captains
  30 naga warriors
  7 deep elf high priests
  7 rakshasas
  7 fire dragons
  Fannar (Lair:3)
  15 ice dragons
  A ghost crab (Swamp:2)
  9 servants of whispers (Desolation)
  9 boulder beetles
  27 hydras
  Harold (D:8)
  29 vault guards
  7 anacondas
  11 peacekeepers
  6 death knights
  The ghost of Sammaje the Cleaver, a novice MiBe of Trog (Lair:1)
  A merfolk avatar (Lair:6)
  A hell beast (Depths:3)
  Erica (D:8)
  10 alligators
  16 centaur warriors
  55 two-headed ogres
  5 spriggan air magi
  23 dancing weapons
  9 death yaks (Lair:6)
  19 ogre magi
  3 vampire magi
  5 deep troll earth magi
  8 deep troll shamans
  4 small abominations
  An orc high priest (Orc:2)
  5 tengu warriors
  4 spriggan berserkers
  7 shock serpents
  A soul eater (Hell)
  A sun demon (Hell)
  20 naga sharpshooters
  31 deep elf knights
  A storm dragon zombie (Depths:2)
  A fire crab (shapeshifter) (D:13)
  A shadow wraith (Vaults:1)
  9 skeletal warriors
  8 hell knights
  2 iron trolls (Depths:1)
  5 goliath frogs
  A sixfirhy (Depths:3)
  2 spriggan druids
  An anaconda zombie (Hell)
  2 salamander mystics
  28 deep trolls
  A sea snake (Lair:6)
  6 unseen horrors
  3 flayed ghosts
  A storm dragon skeleton (Vaults:3)
  An orange crystal statue (Depths:4)
  A swamp dragon (shapeshifter) (Vaults:4)
  12 swamp dragons
  4 phantasmal warriors
  3 wizards
  A lindwurm (Lair:6)
  12 orc knights
  4 naga ritualists
  4 bog bodies
  A golden dragon skeleton (Depths:2)
  15 deep elf archers
  7 necromancers
  2 harpies (Lair:6)
  An anaconda skeleton (Hell)
  6 wolf spiders
  19 ironbrand convokers
  11 mana vipers
  9 orc sorcerers
  2 tengu skeletons
  11 cyclopes
  4 manticores
  27 ugly things
  A glowing shapeshifter (Depths:3)
  99 deep elf magi
  A sphinx skeleton (Vaults:3)
  4 will-o-the-wisps
  16 salamanders
  A frost giant skeleton (Vaults:3)
  2 oklob plants
  21 elephants
  Joseph (D:9)
  30 black mambas
  29 naga magi
  Maurice (Orc:1)
  A water nymph (shapeshifter) (D:15)
  A molten gargoyle (Desolation)
  11 cane toads
  3 ice statues (IceCv)
  8 guardian serpents
  4 rust devils
  16 vault sentinels
  3 rime drakes
  A gargoyle (D:10)
  11 freezing wraiths
  16 komodo dragons
  77 yaktaurs
  3 kobold demonologists
  A hellwing (Depths:3)
  A spriggan skeleton (Depths:2)
  4 ice devils
  2 tengu conjurers
  8 merfolk
  A jumping spider (Vaults:4)
  A polar bear (shapeshifter) (Vaults:2)
  6 polar bears
  A wind drake (Elf:2)
  Prince Ribbit (Lair:1)
  10 tyrant leeches
  12 blink frogs
  10 trolls
  31 hornets
  12 slime creatures (D:15)
  6 dream sheep (Lair:6)
  An iron dragon simulacrum (Depths:2)
  63 saltlings
  A stone giant simulacrum (Depths:2)
  3 air elementals
  19 spriggans
  3 redbacks (Vaults:4)
  A redback (shapeshifter) (Depths:3)
  5 water elementals
  2 tarantellas (Vaults:4)
  A ynoxinul (Depths:5)
  6 wraiths
  8 fire bats (Volcano)
  A shadow (D:15)
  36 yaks
  5 basilisks
  2 basilisks (shapeshifter)
  A fire bat (shapeshifter) (Depths:2)
  10 wyverns
  6 steam dragons
  A vampire (D:12)
  3 fire elementals
  A hog (Snake:3)
  A hog (shapeshifter) (D:14)
  A human (shapeshifter) (D:13)
  2 chaos spawn
  Grum (D:8)
  18 vampire mosquitoes
  76 nagas
  14 swamp worms
  16 wargs
  2 soldier ants
  2 acid dragons (Gauntlet)
  2 hell hounds (Hell)
  A cane toad skeleton (Hell)
  13 water moccasins
  5 black bears
  An ettin simulacrum (Vaults:2)
  A deep troll skeleton (Vaults:3)
  7 swamp drakes
  2 hornet zombies
  8 ice beasts
  57 orc warriors
  5 sky beasts
  3 phantoms
  3 eyes of draining
  49 ogres
  24 wolves
  A necrophage (D:8)
  53 centaurs
  9 big kobolds
  19 bullfrogs
  An elf zombie (Ossuary)
  3 earth elementals
  A wyvern zombie (D:10)
  2 human skeletons
  2 scorpions
  11 wights
  6 killer bees (D:7)
  7 electric eels
  6 howler monkeys
  5 centaur zombies
  2 quasits (D:9)
  3 bullfrog zombies
  2 human simulacra
  6 jellies
  17 orc priests
  A wyvern simulacrum (D:11)
  3 human zombies
  43 orc wizards
  3 hounds
  4 bullfrog skeletons
  5 centaur skeletons
  Terence (D:2)
  5 iguanas
  7 worker ants
  A big kobold zombie (Ossuary)
  A bullfrog simulacrum (D:11)
  A hound zombie (D:5)
  2 mummies (Ossuary)
  A howler monkey zombie (D:7)
  A worker ant zombie (D:5)
  Robin (D:2)
  A howler monkey skeleton (D:4)
  20 gnolls
  21 adders
  2 shadow imps (D:7)
  14 white imps
  3 ufetubi
  7 oozes
  An adder zombie (D:7)
  3 adder skeletons
  2 worms
  3 dart slugs
  6 leopard geckos
  136 orcs
  4 giant cockroaches
  12 goblins
  20 hobgoblins
  6 jackals
  6 quokkas
  4 ball pythons
  3 bats
  5 frilled lizards
  4 gnoll zombies (Ossuary)
  2 hobgoblin zombies (Ossuary)
  A jackal zombie (D:8)
  32 kobolds
  4 orc zombies (Ossuary)
  9 rats
  3 crawling corpses
2524 creatures vanquished.

Vanquished Creatures (collateral kills)
  the Lernaean hydra (Swamp:4)
  A draconian knight (Depths:5)
  A red draconian (Depths:5)
  2 naga sharpshooters (Snake:4)
  2 deep elf magi (WizLab)
7 creatures vanquished.

Vanquished Creatures (others)
  2 acid blobs
  A sphinx (Depths:3)
  A fire giant (Snake:4)
  3 azure jellies
  A draconian knight (Depths:5)
  A nagaraja (Snake:4)
  An orc warlord (Swamp:1)
  A frost giant (Depths:3)
  An ironheart preserver (Vaults:1)
  A stone giant (Vaults:4)
  A stone giant (shapeshifter) (Vaults:5)
  A deep elf demonologist (Vaults:5)
  2 fire dragons
  8 great orbs of eyes
  An ogre mage (Vaults:3)
  7 naga warriors
  A spriggan air mage (Depths:3)
  A two-headed ogre (Depths:2)
  A tengu warrior (Snake:4)
  4 naga sharpshooters
  A vampire mage (Depths:2)
  A hell knight (Hell)
  A shock serpent (shapeshifter) (Vaults:5)
  2 deep elf knights
  An unseen horror (Vaults:1)
  A naga ritualist (Swamp:1)
  A glowing orange brain (Depths:2)
  2 wizards (Vaults:1)
  A deep elf archer (Snake:4)
  A phantasmal warrior (Vaults:5)
  2 ironbrand convokers
  8 deep elf magi
  A necromancer (Vaults:1)
  A salamander (Snake:3)
  An orc sorcerer (Vaults:2)
  An elephant (Lair:5)
  A raiju (shapeshifter) (Depths:2)
  2 guardian serpents
  A vault sentinel (Vaults:4)
  A cane toad (shapeshifter) (Vaults:4)
  2 naga magi (Snake:4)
  10 yaktaurs
  A freezing wraith (Vaults:4)
  A komodo dragon (shapeshifter) (Depths:2)
  A yaktaur skeleton (Vaults:3)
  2 bloated husks
  A merfolk (Snake:4)
  A wind drake (shapeshifter) (Elf:1)
  A tyrant leech (shapeshifter) (Depths:3)
  A hornet (Vaults:2)
  18 slime creatures
  A saltling (Desolation)
  A dream sheep (shapeshifter) (Vaults:4)
  A spriggan (shapeshifter) (Vaults:2)
  A water elemental (Elf:2)
  A human (shapeshifter) (Vaults:1)
  A fire elemental (Elf:2)
  A golden eye (shapeshifter) (Elf:3)
  A steam dragon (Volcano)
  3 humans (Snake:3)
  A vampire mosquito (Swamp:3)
  2 wargs
  14 nagas
  2 floating eyes (shapeshifter)
  3 hell hounds (Hell)
  A swamp drake (Swamp:4)
  3 orc warriors
  An eye of draining (shapeshifter) (Depths:3)
  3 ogres
  3 boggarts (Vaults:3)
  2 centaurs
  3 human skeletons
  A scorpion (shapeshifter) (Elf:3)
  405 jellies
  3 jellies (shapeshifter) (Elf:3)
  3 orc priests
  A shadow imp (Depths:3)
  3 oozes (shapeshifter)
  6 orcs
  A jackal (shapeshifter) (Elf:3)
  A crawling corpse (Elf:3)
  16 foxfires (Swamp:2)
  108 fungi
  185 plants
  5 toadstools (D:6)
897 creatures vanquished.

Grand Total: 3428 creatures vanquished

Notes
Turn   | Place    | Note
-------+----------+-------------------------------------------
     0 | D:1      | Arum the Demonspawn Monk began the quest for the Orb.
     0 | D:1      | Reached XP level 1. HP: 18/18 MP: 1/1
   294 | D:1      | Gained mutation: You sometimes gain a little power by
                  | taking damage. [demonic ancestry]
   294 | D:1      | Reached XP level 2. HP: 15/24 MP: 2/2
   920 | D:2      | Gained mutation: You have large cloven feet. [demonic
                  | ancestry]
   920 | D:2      | Reached XP level 3. HP: 27/29 MP: 3/3
  1088 | D:2      | Noticed Terence
  1123 | D:2      | Killed Terence
  1124 | D:2      | Gained mutation: You are partially covered in sharp spines.
                  | [demonic ancestry]
  1124 | D:2      | Reached XP level 4. HP: 12/37 MP: 4/4
  1677 | D:2      | Noticed Robin
  1691 | D:2      | Killed Robin
  1993 | D:3      | Reached skill level 4 in Fighting
  2306 | D:3      | Found an iron altar of Okawaru.
  2317 | D:3      | Became a worshipper of Warmaster Okawaru
  2317 | D:3      | Reached * piety under Okawaru
  2317 | D:3      | Reached ** piety under Okawaru
  2387 | D:3      | Gained mutation: You have hoof-like feet. [demonic
                  | ancestry]
  2387 | D:3      | Reached XP level 5. HP: 42/42 MP: 5/5
  2589 | D:4      | Reached skill level 1 in Invocations
  2967 | D:4      | Noticed a wyvern
  2984 | D:4      | Killed a wyvern
  2985 | D:4      | Gained mutation: You have an unusually large brain. (Int
                  | +2) [demonic ancestry]
  2985 | D:4      | Reached XP level 6. HP: 43/49 MP: 4/7
  3351 | D:4      | Found Forray's Magic Scroll Shop.
  3369 | D:4      | Gained mutation: You sometimes gain power by taking damage.
                  | [demonic ancestry]
  3369 | D:4      | Reached XP level 7. HP: 39/55 MP: 9/9
  3472 | D:4      | Bought a scroll of identify for 24 gold pieces
  3472 | D:4      | Bought a scroll of identify for 24 gold pieces
  3472 | D:4      | Bought a scroll of identify for 24 gold pieces
  3472 | D:4      | Bought a scroll of identify for 24 gold pieces
  3472 | D:4      | Bought a scroll of identify for 24 gold pieces
  3472 | D:4      | Bought a scroll of identify for 24 gold pieces
  3472 | D:4      | Bought a scroll of identify for 24 gold pieces
  3490 | D:4      | Reached skill level 5 in Fighting
  3537 | D:4      | Reached *** piety under Okawaru
  3703 | D:4      | Found an iron altar of Okawaru.
  4021 | D:5      | Entered Level 5 of the Dungeon
  4026 | D:5      | Reached skill level 5 in Dodging
  4033 | D:5      | Reached skill level 5 in Unarmed Combat
  4238 | D:5      | Got a scorched whip
  4239 | D:5      | Identified the +9 whip of Trog's Castigation {flame, rN++
                  | Will++ Int-5} (You found it on level 5 of the Dungeon)
  4455 | D:5      | Reached skill level 1 in Maces & Flails
  4588 | D:5      | Gained mutation: You have hooves in place of feet. [demonic
                  | ancestry]
  4588 | D:5      | Reached XP level 8. HP: 46/64 MP: 11/11
  4913 | D:5      | Reached skill level 5 in Invocations
  5084 | D:6      | Reached skill level 6 in Fighting
  5199 | D:6      | Reached **** piety under Okawaru
  5922 | D:6      | Reached XP level 9. HP: 71/71 MP: 12/12
  6201 | D:6      | Found a staircase to the Ecumenical Temple.
  6336 | D:6      | Reached skill level 5 in Maces & Flails
  6379 | D:6      | Reached skill level 7 in Fighting
  7266 | D:7      | Reached ***** piety under Okawaru
  7283 | D:7      | Found a sand-covered staircase.
  7312 | Ossuary  | Entered an ossuary
  8082 | D:8      | Found Viepn's Distillery.
  8082 | D:8      | Noticed Harold
  8094 | D:8      | Killed Harold
  8094 | D:8      | Received a gift from Okawaru
  8095 | D:8      | Reached skill level 8 in Fighting
  8095 | D:8      | Gained mutation: You are mostly covered in sharp spines.
                  | [demonic ancestry]
  8095 | D:8      | Reached XP level 10. HP: 37/80 MP: 10/13
  8290 | D:8      | Found a flagged portal.
  8292 | D:8      | Bought a potion of resistance for 160 gold pieces
  8292 | D:8      | Bought a potion of invisibility for 128 gold pieces
  8304 | Bailey   | Entered a bailey
  8461 | Bailey   | Noticed an orc knight
  8486 | Bailey   | Killed an orc knight
  8781 | D:8      | Identified a scroll of acquirement
  8782 | D:8      | Acquired 881 gold pieces
  8842 | D:8      | Noticed Erica
  8856 | D:8      | Killed Erica
  9289 | D:8      | Noticed Grum
  9297 | D:8      | Killed Grum
  9443 | D:9      | Noticed Joseph
  9458 | D:9      | Killed Joseph
  9458 | D:9      | Received a gift from Okawaru
  9459 | D:9      | Reached skill level 9 in Fighting
 10392 | D:9      | Reached XP level 11. HP: 89/89 MP: 14/14
 10429 | D:9      | Found a bloodstained altar of Trog.
 10648 | D:10     | Entered Level 10 of the Dungeon
 11039 | D:10     | Found a portal to a secret trove of treasure.
 11374 | D:10     | Found a staircase to the Orcish Mines.
 11601 | D:10     | Found a staircase to the Lair.
 11725 | D:10     | You fall into a shaft and drop 3 floors!
 11845 | D:13     | Killed an unseen horror
 11845 | D:13     | Reached ****** piety under Okawaru
 11845 | D:13     | Received a gift from Okawaru
 11846 | D:13     | Reached skill level 10 in Maces & Flails
 12006 | D:13     | Noticed a fire crab
 12020 | D:13     | Killed a fire crab
 12193 | D:13     | Identified the +8 great sword of the Fox {vorpal, rN+
                  | Int+2}
 12193 | D:13     | Noticed a centaur warrior
 12213 | D:13     | Killed a centaur warrior
 12582 | D:13     | Noticed a harpy
 12603 | D:13     | Reached skill level 10 in Fighting
 12690 | D:13     | Received a gift from Okawaru
 12725 | D:13     | Noticed a wizard
 12732 | D:13     | Killed a wizard
 13405 | D:13     | Reached skill level 1 in Shields
 13572 | D:13     | Found a gate to the Vaults.
 13858 | D:12     | Gained mutation: You resist negative energy. (rN+) [demonic
                  | ancestry]
 13858 | D:12     | Reached XP level 12. HP: 97/97 MP: 15/15
 14069 | D:12     | Learned a level 6 spell: Statue Form
 14151 | D:12     | Noticed a two-headed ogre
 14159 | D:12     | Killed a two-headed ogre
 14623 | D:11     | Got a heavily runed scale mail
 14624 | D:11     | Identified the +2 scale mail of Okawaru's Delight {rElec
                  | Str+2 Dex-2 Stlth+} (You found it on level 11 of the
                  | Dungeon)
 14792 | D:11     | Found a roughly hewn altar of Beogh.
 15147 | D:11     | Reached skill level 10 in Dodging
 15216 | D:11     | Noticed a seven-headed hydra
 15225 | D:11     | Killed a seven-headed hydra
 15356 | D:11     | Received a gift from Okawaru
 15409 | D:11     | Noticed a two-headed ogre
 15422 | D:11     | Killed a two-headed ogre
 15423 | D:11     | Reached skill level 11 in Fighting
 15437 | D:11     | Identified the +3 ring mail of Keseer {rElec}
 15437 | D:11     | Noticed a tengu warrior
 15453 | D:11     | Killed a tengu warrior
 15492 | D:11     | Noticed a centaur warrior
 15492 | D:11     | Noticed a death knight
 15509 | D:11     | Killed a death knight
 15528 | D:11     | Killed a centaur warrior
 15529 | D:11     | Noticed a centaur warrior
 15537 | D:11     | Killed a centaur warrior
 15546 | D:11     | Noticed a fire dragon
 15570 | D:11     | Killed a fire dragon
 15571 | D:11     | Gained mutation: You are somewhat able to resist unholy
                  | torments (1 in 2 success). [demonic ancestry]
 15571 | D:11     | Reached XP level 13. HP: 66/106 MP: 9/16
 16493 | D:14     | Reached skill level 1 in Armour
 16572 | D:14     | Received a gift from Okawaru
 16847 | D:14     | Reached skill level 12 in Fighting
 17101 | D:15     | Entered Level 15 of the Dungeon
 17139 | D:15     | Found a frozen archway.
 17240 | IceCv    | Entered an ice cave
 17363 | IceCv    | Reached skill level 5 in Armour
 17766 | D:15     | Received a gift from Okawaru
 17806 | D:15     | HP: 5/109 [something (3)]
 17813 | D:15     | Received a gift from Okawaru
 17814 | D:15     | Reached skill level 13 in Fighting
 18109 | D:15     | Gained mutation: You are powered by pain. [demonic
                  | ancestry]
 18109 | D:15     | Reached XP level 14. HP: 104/118 MP: 17/17
 18296 | D:15     | Found Nuzuz's Book Boutique.
 18643 | D:15     | Received a gift from Okawaru
 18646 | D:15     | Got a pair of fine gloves {god gift}
 18657 | D:15     | Identified the +0 pair of gloves of Parlour Games {rC++
                  | Regen+ MP-9 Str+3} (Okawaru gifted it to you on level 15 of
                  | the Dungeon)
 18841 | Orc:1    | Entered Level 1 of the Orcish Mines
 19033 | Orc:2    | Entered Level 2 of the Orcish Mines
 19037 | Orc:2    | Noticed Maurice
 19054 | Orc:1    | Killed Maurice
 19128 | Orc:1    | Noticed an orc warlord
 19184 | Orc:1    | Killed an orc warlord
 19326 | Orc:2    | Found Unucicvu's Antique Weapon Emporium.
 19434 | Orc:2    | Reached skill level 14 in Fighting
 19794 | Orc:2    | Found a staircase to the Elven Halls.
 19901 | Orc:2    | Found Ruur's Jewellery Shop.
 19929 | Orc:2    | Found Iceeliyr's Antique Weapon Boutique.
 19967 | Orc:2    | Noticed an orc warlord
 19992 | Orc:2    | Killed an orc warlord
 20051 | Orc:2    | Found Utiuh's Antique Armour Boutique.
 20245 | Orc:2    | Found Vigops's General Store.
 20253 | Orc:2    | Bought a scroll of identify for 28 gold pieces
 20653 | Orc:2    | Bought the ring of the Tortoise {AC+8} for 1664 gold pieces
 20653 | Orc:2    | Found the ring of the Tortoise {AC+8}
 20653 | Orc:2    | Bought the macabre finger necklace {rN+} for 520 gold
                  | pieces
 20653 | Orc:2    | Found the macabre finger necklace {rN+}
 20685 | Orc:1    | Received a gift from Okawaru
 20885 | Lair:1   | Entered Level 1 of the Lair of Beasts
 21033 | Lair:1   | Noticed Prince Ribbit
 21047 | Lair:1   | Killed Prince Ribbit
 21297 | Lair:1   | Found a runed translucent door.
 21326 | Lair:1   | Noticed Sammaje's ghost (novice MiBe)
 21356 | Lair:1   | Killed Sammaje's ghost
 21780 | Lair:2   | Reached XP level 15. HP: 127/127 MP: 7/19
 21811 | Lair:2   | Found a gate leading to a gauntlet.
 21846 | Gauntlet | Entered a Gauntlet
 21846 | Gauntlet | Found a transporter.
 21846 | Gauntlet | Found a transporter.
 21854 | Gauntlet | Found a transporter.
 21858 | Gauntlet | Found a transporter.
 21866 | Gauntlet | Found a transporter.
 21870 | Gauntlet | Found a transporter.
 21874 | Gauntlet | Found a runed translucent door.
 21874 | Gauntlet | Found a runed translucent door.
 21878 | Gauntlet | Found a transporter.
 21893 | Gauntlet | Found a runed translucent gate.
 21894 | Gauntlet | Found a transporter.
 21894 | Gauntlet | Found a runed translucent gate.
 21895 | Gauntlet | Found a runed translucent gate.
 21908 | Gauntlet | Found a transporter.
 21912 | Gauntlet | Found a transporter.
 21920 | Gauntlet | Found a transporter.
 21924 | Gauntlet | Found a transporter.
 22237 | Gauntlet | Reached skill level 15 in Fighting
 22245 | Gauntlet | Identified the cursed +0 cloak "Anelesmu" {rElec} (You
                  | found it in a Gauntlet)
 22428 | Gauntlet | Identified Nisangap's Lost Secrets of Spellcraft
 22430 | Gauntlet | Identified the +3 chain mail of the Sky {rC+ Dex+4} (You
                  | found it in a Gauntlet)
 22530 | Lair:2   | Reached skill level 10 in Armour
 22534 | Lair:2   | Received a gift from Okawaru
 22717 | Lair:2   | Found a staircase to the Snake Pit.
 23334 | Lair:3   | Found a staircase to the Swamp.
 23555 | Lair:3   | Noticed Fannar
 23572 | Lair:3   | Killed Fannar
 23832 | Lair:4   | Received a gift from Okawaru
 23835 | Lair:4   | Identified the +7 flail of Unpleasantness {freeze, Str+4}
                  | (Okawaru gifted it to you on level 4 of the Lair of Beasts)
 23926 | Lair:4   | Noticed Hiywul's ghost (journeyman MiHu)
 23927 | Lair:4   | Found a runed translucent door.
 24098 | Lair:4   | Noticed Nessos
 24106 | Lair:4   | Killed Nessos
 24240 | Lair:4   | Noticed Snorg
 24255 | Lair:4   | Killed Snorg
 24591 | Lair:4   | Killed Hiywul's ghost
 24619 | Lair:4   | Identified the +11 spear of Jagarcho {antimagic, *Slow
                  | rC+++ Int+6} (You found it on level 4 of the Lair of
                  | Beasts)
 24952 | Lair:5   | Reached skill level 16 in Fighting
 25015 | Lair:5   | Found a staircase to the Slime Pits.
 25632 | Lair:6   | Entered Level 6 of the Lair of Beasts
 25671 | Lair:6   | Found a dark tunnel.
 25678 | Volcano  | Entered a volcano
 25755 | Volcano  | Received a gift from Okawaru
 26295 | Volcano  | Identified the +1 pair of gloves of Dogma {rElec Regen+
                  | Slay+2} (You found it in a volcano)
 26602 | Lair:6   | Reached XP level 16. HP: 131/139 MP: 21/21
 26627 | Lair:6   | Reached skill level 5 in Shields
 26990 | Lair:6   | Received a gift from Okawaru
 27463 | Lair:6   | Identified the cursed +0 chain mail of the Abyss {Str+7
                  | Int-5} (You found it on level 6 of the Lair of Beasts)
 27465 | Lair:6   | Identified the +2 robe of Pilytseumm {SInv} (You found it
                  | on level 6 of the Lair of Beasts)
 27550 | Lair:6   | Reached skill level 17 in Fighting
 28119 | D:8      | Bought a potion of attraction for 48 gold pieces
 28119 | D:8      | Bought a potion of mutation for 128 gold pieces
 28119 | D:8      | Bought a potion of mutation for 128 gold pieces
 28119 | D:8      | Bought a potion of invisibility for 128 gold pieces
 28119 | D:8      | Bought a potion of haste for 160 gold pieces
 28119 | D:8      | Bought a potion of haste for 160 gold pieces
 28219 | D:4      | Bought a scroll of blinking for 90 gold pieces
 28219 | D:4      | Bought a scroll of blinking for 90 gold pieces
 28512 | Slime:1  | Entered Level 1 of the Pits of Slime
 28512 | Slime:1  | Noticed an acid blob
 28514 | Slime:1  | Gained mutation: Your body sometimes deteriorates upon
                  | taking damage. [a shining eye]
 28516 | Slime:1  | Gained mutation: You have a pair of small horns on your
                  | head. [a shining eye]
 28533 | Slime:2  | Noticed an acid blob
 28536 | Slime:2  | Noticed an acid blob
 28562 | Slime:4  | Found a viscous altar of Jiyva.
 28562 | Slime:4  | Noticed Dissolution
 28569 | Slime:4  | Fell from the grace of Okawaru
 28569 | Slime:4  | Became a worshipper of Jiyva Joefogy the Shapeless
 28661 | Slime:4  | Noticed an acid blob
 28914 | Slime:5  | Entered Level 5 of the Pits of Slime
 28925 | Slime:5  | Noticed an acid blob
 28928 | Slime:5  | Noticed an acid blob
 28928 | Slime:5  | Noticed an acid blob
 28929 | Slime:5  | Found a viscous altar of Jiyva.
 28929 | Slime:5  | Noticed the Royal Jelly
 28932 | Slime:5  | Found the +3 Elemental Staff {rElec rF++ rC++ Will++ AC+5}
 28943 | Slime:5  | Lost mutation: Your body sometimes deteriorates upon taking
                  | damage. [potion of mutation]
 28943 | Slime:5  | Lost mutation: You have a pair of small horns on your head.
                  | [potion of mutation]
 28943 | Slime:5  | Gained mutation: You expend magic power (3 MP) to
                  | strengthen your wands. [potion of mutation]
 28943 | Slime:5  | Gained mutation: Armour fits poorly on your strangely
                  | shaped body. [potion of mutation]
 28943 | Slime:5  | Lost mutation: You expend magic power (3 MP) to strengthen
                  | your wands. [potion of mutation]
 28943 | Slime:5  | Gained mutation: Your muscles are strong. (Str +2) [potion
                  | of mutation]
 28944 | Slime:5  | Lost mutation: Armour fits poorly on your strangely shaped
                  | body. [potion of mutation]
 28944 | Slime:5  | Lost mutation: Your muscles are strong. (Str +2) [potion of
                  | mutation]
 28944 | Slime:5  | Gained mutation: You can translocate small distances at
                  | will. [potion of mutation]
 28944 | Slime:5  | Gained mutation: Your flesh is cold resistant. (rC+)
                  | [potion of mutation]
 28944 | Slime:5  | Gained mutation: Your flesh is very cold resistant. (rC++)
                  | [potion of mutation]
 28985 | Slime:5  | Noticed an acid blob
 28990 | Slime:5  | Noticed an acid blob
 29030 | Slime:5  | Noticed an acid blob
 29054 | Slime:5  | Noticed an acid blob
 29254 | Slime:3  | Noticed an acid blob
 29271 | Slime:3  | Noticed an acid blob
 29287 | Slime:3  | Noticed an acid blob
 29325 | Slime:3  | Noticed an acid blob
 29520 | Slime:2  | Noticed an acid blob
 29520 | Slime:2  | Noticed an acid blob
 29534 | Slime:2  | Noticed an acid blob
 29537 | Slime:1  | Noticed an acid blob
 30484 | Lair:4   | Reached * piety under Jiyva
 32999 | Lair:1   | Reached ** piety under Jiyva
 35676 | D:10     | Reached *** piety under Jiyva
 37096 | D:9      | Gained mutation: You expend magic power (3 MP) to
                  | strengthen your wands. [Jiyva's grace]
 37101 | D:9      | Reached **** piety under Jiyva
 37941 | D:8      | Gained mutation: Your muscles are strong. (Str +2) [Jiyva's
                  | grace]
 38797 | D:7      | Reached ***** piety under Jiyva
 39818 | D:6      | Gained mutation: You passively map a small area around you.
                  | [Jiyva's grace]
 40926 | D:5      | Gained mutation: You have a small jelly attached to you
                  | that senses nearby items. [Jiyva's grace]
 42123 | Orc:1    | Lost mutation: Your muscles are strong. (Str +2) [Jiyva's
                  | grace]
 42225 | Orc:2    | Gained mutation: Your magical capacity is low. (-10% MP)
                  | [Jiyva's grace]
 42227 | Orc:2    | Reached ****** piety under Jiyva
 42233 | Orc:2    | Gained mutation: Your mind is acute. (Int +2) [Jiyva's
                  | grace]
 42250 | Orc:2    | Gained mutation: You are agile. (Dex +2) [Jiyva's grace]
 42286 | Orc:2    | Lost mutation: You expend magic power (3 MP) to strengthen
                  | your wands. [Jiyva's grace]
 42997 | Orc:2    | Bought an uncursed ring of poison resistance for 260 gold
                  | pieces
 42999 | Lair:6   | Lost mutation: Your flesh is very cold resistant. (rC++)
                  | [Jiyva's grace]
 43155 | Snake:1  | Entered Level 1 of the Snake Pit
 43194 | Snake:1  | Identified Roxanne's Almanac of Transformation
 43194 | Snake:1  | Noticed Roxanne
 43242 | Snake:1  | Killed Roxanne
 43529 | Snake:1  | Noticed Frances
 43530 | Snake:1  | Noticed Aizul
 43544 | Snake:1  | Slimified Aizul
 43544 | Snake:1  | Noticed Aizul
 43544 | Snake:1  | Aizul changed into Aizul the slime creature
 43563 | Snake:1  | Killed Frances
 43567 | Snake:1  | Killed Aizul the slime creature
 43589 | Snake:1  | Gained mutation: You have a pair of small antennae on your
                  | head. [Jiyva's grace]
 43656 | Snake:1  | Lost mutation: Your mind is acute. (Int +2) [Jiyva's grace]
 44104 | Snake:2  | Gained mutation: Your system is resistant to poisons.
                  | (rPois) [Jiyva's grace]
 44214 | Snake:2  | Lost mutation: You are agile. (Dex +2) [Jiyva's grace]
 44256 | Snake:2  | Found a stormy altar of Qazlal.
 44424 | Snake:2  | Lost mutation: Your magical capacity is low. (-10% MP)
                  | [Jiyva's grace]
 44459 | Snake:2  | Gained mutation: You have an extremely huge brain. (Int +4)
                  | [demonic ancestry]
 44459 | Snake:2  | Reached XP level 17. HP: 148/148 MP: 22/22
 44678 | Snake:3  | Gained mutation: You have supernaturally acute eyesight.
                  | (SInv) [Jiyva's grace]
 44773 | Snake:3  | Lost mutation: Your flesh is cold resistant. (rC+) [Jiyva's
                  | grace]
 44823 | Snake:3  | Gained mutation: Your mind is acute. (Int +2) [Jiyva's
                  | grace]
 44874 | Snake:3  | Gained mutation: Armour fits poorly on your pseudopods.
                  | [Jiyva's grace]
 44995 | Snake:3  | Noticed Kirke
 45011 | Snake:3  | Killed Kirke
 45113 | Snake:3  | Found a runed translucent gate.
 45127 | Snake:3  | Gained mutation: You have a small jelly attached to you
                  | that may absorb incoming projectiles. [Jiyva's grace]
 45163 | Snake:3  | Noticed Dittersdorf's ghost (adept MiBe)
 45163 | Snake:3  | Lost mutation: You have a small jelly attached to you that
                  | senses nearby items. [Jiyva's grace]
 45165 | Snake:3  | Found a runed translucent gate.
 45165 | Snake:3  | Noticed Icun's ghost (journeyman GnWr)
 45165 | Snake:3  | Noticed Sokuv's ghost (adept DECj)
 45165 | Snake:3  | Noticed Kicir's ghost (adept GnFi)
 45166 | Snake:3  | Found a runed translucent gate.
 45438 | Snake:3  | Found Naastroho's Gadget Shoppe.
 45438 | Snake:3  | Found Caurph's Jewellery Shop.
 45439 | Snake:3  | Found Omunaf's Gadget Shoppe.
 45445 | Snake:3  | Bought a condenser vane for 720 gold pieces
 45601 | Snake:3  | Noticed a titan
 45601 | Snake:3  | Noticed a titan
 45601 | Snake:3  | Noticed a deep elf master archer
 45605 | Snake:3  | Slimified a titan
 45605 | Snake:3  | a titan changed into an azure jelly
 45611 | Snake:3  | Slimified a titan
 45611 | Snake:3  | a titan changed into an azure jelly
 45616 | Snake:3  | Killed a deep elf master archer
 45740 | Snake:3  | Killed Sokuv's ghost
 45741 | Snake:3  | Reached skill level 18 in Fighting
 45776 | Snake:3  | Killed Kicir's ghost
 45832 | Snake:3  | Killed Dittersdorf's ghost
 45879 | Snake:3  | Killed Icun's ghost
 45987 | Snake:4  | Entered Level 4 of the Snake Pit
 45987 | Snake:4  | Noticed Vashnia
 45987 | Snake:4  | Noticed Bai Suzhen
 46073 | Snake:4  | Lost mutation: You have a pair of small antennae on your
                  | head. [Jiyva's grace]
 46261 | Snake:4  | Lost mutation: You passively map a small area around you.
                  | [Jiyva's grace]
 46331 | Snake:4  | Reached skill level 10 in Shields
 46340 | Snake:4  | Gained mutation: Your muscles are strong. (Str +2) [Jiyva's
                  | grace]
 46414 | Snake:4  | Slimified Vashnia
 46414 | Snake:4  | Noticed Vashnia
 46414 | Snake:4  | Vashnia changed into Vashnia the azure jelly
 46456 | Snake:4  | Gained mutation: You are strong-willed. (Will+) [Jiyva's
                  | grace]
 46600 | Snake:4  | Noticed Nikola
 46635 | Snake:4  | Slimified Nikola
 46635 | Snake:4  | Noticed Nikola
 46635 | Snake:4  | Nikola changed into Nikola the acid blob
 46636 | Snake:4  | Lost mutation: Your muscles are strong. (Str +2) [Jiyva's
                  | grace]
 46666 | Snake:4  | Gained mutation: Your translucent skin slightly reduces
                  | your foes' accuracy. (Stealth) [Jiyva's grace]
 46671 | Snake:4  | Reached skill level 1 in Evocations
 46690 | Snake:4  | Lost mutation: You have supernaturally acute eyesight.
                  | (SInv) [Jiyva's grace]
 46740 | Snake:4  | Lost mutation: You have a small jelly attached to you that
                  | may absorb incoming projectiles. [Jiyva's grace]
 46751 | Snake:4  | Reached XP level 18. HP: 41/158 MP: 17/23
 46776 | Snake:4  | Killed Nikola the acid blob
 46819 | Snake:4  | Lost mutation: You are strong-willed. (Will+) [Jiyva's
                  | grace]
 46862 | Snake:4  | Gained mutation: Your translucent skin reduces your foes'
                  | accuracy. (Stealth) [Jiyva's grace]
 47178 | Snake:4  | Lost mutation: Armour fits poorly on your pseudopods.
                  | [Jiyva's grace]
 47184 | Snake:4  | Reached skill level 5 in Evocations
 47190 | Snake:4  | Gained mutation: Your rubbery body absorbs attacks. (AC +1,
                  | EV +1) [Jiyva's grace]
 47215 | Snake:4  | Reached skill level 15 in Dodging
 47229 | Snake:4  | Gained mutation: Your transparent skin significantly
                  | reduces your foes' accuracy. (Stealth) [Jiyva's grace]
 47265 | Snake:4  | Lost mutation: You can translocate small distances at will.
                  | [Jiyva's grace]
 47272 | Snake:4  | Got a serpentine rune of Zot
 47388 | Snake:4  | Killed Bai Suzhen
 47710 | Snake:4  | Noticed Louise
 47745 | Snake:4  | Killed Louise
 48013 | Swamp:1  | Entered Level 1 of the Swamp
 48103 | Swamp:1  | Identified the Grimoire of Feathers and the Compass
 48190 | Swamp:1  | HP: 5/159 [frost giant/bolt of cold[the fury of Okawaru]
                  | (41)]
 48543 | Swamp:1  | Gained mutation: You are resistant to electric shocks.
                  | (rElec) [Jiyva's grace]
 48993 | Swamp:2  | Reached skill level 19 in Fighting
 49119 | Swamp:2  | Gained mutation: Your pliable body absorbs attacks. (AC +2,
                  | EV +2) [Jiyva's grace]
 49337 | Swamp:2  | Gained mutation: Your muscles are strong. (Str +2) [Jiyva's
                  | grace]
 49341 | Swamp:2  | HP: 1/160 [titan/bolt of lightning[the fury of Okawaru]
                  | (13)]
 49770 | Swamp:3  | Was forgiven by Okawaru
 49871 | Swamp:3  | Gained mutation: You are strong-willed. (Will+) [Jiyva's
                  | grace]
 50019 | Swamp:3  | Gained mutation: You have a small jelly attached to you
                  | that may absorb incoming projectiles. [Jiyva's grace]
 50258 | Swamp:4  | Entered Level 4 of the Swamp
 50473 | Swamp:4  | Gained mutation: Your mind is very acute. (Int +4) [Jiyva's
                  | grace]
 50513 | Swamp:4  | Reached XP level 19. HP: 167/167 MP: 24/24
 50540 | Swamp:4  | Noticed the 27-headed Lernaean hydra
 50737 | Swamp:4  | Killed the 27-headed Lernaean hydra
 50777 | Swamp:4  | Reached skill level 10 in Evocations
 50808 | Swamp:4  | Lost mutation: You are strong-willed. (Will+) [Jiyva's
                  | grace]
 50872 | Swamp:4  | Got a decaying rune of Zot
 50880 | Swamp:4  | Lost mutation: Your pliable body absorbs attacks. (AC +2,
                  | EV +2) [Jiyva's grace]
 51070 | Swamp:4  | Reached XP level 20. HP: 174/174 MP: 25/25
 51270 | Vaults:1 | Entered Level 1 of the Vaults
 51295 | Vaults:1 | Found a ruined gateway.
 51306 | Desolati | Entered the Desolation of Salt
 51430 | Desolati | Identified the +1 morningstar of Jecajeel {vorpal, rElec
                  | Dex+3} (You found it in the Desolation of Salt)
 51609 | Desolati | Gained mutation: Your body has grown golden eyes which may
                  | confuse attackers. (Acc +3) [Jiyva's grace]
 51616 | Desolati | Found the +8 glaive of the Guard {elec, spectral, AC+5}
 51629 | Desolati | Identified the ring of Fyipo {rPois rF++ Str-3 Slay+3} (You
                  | found it in the Desolation of Salt)
 52061 | Desolati | Gained mutation: Your pliable body absorbs attacks. (AC +2,
                  | EV +2) [Jiyva's grace]
 52358 | Desolati | Lost mutation: Your muscles are strong. (Str +2) [Jiyva's
                  | grace]
 52718 | Vaults:1 | Gained mutation: You are strong-willed. (Will+) [Jiyva's
                  | grace]
 52959 | Vaults:1 | Gained mutation: You passively map a small area around you.
                  | [Jiyva's grace]
 53021 | Vaults:1 | Found Avisum's Jewellery Emporium.
 53030 | Vaults:1 | Noticed a juggernaut
 53030 | Vaults:1 | an iron giant changed into a juggernaut
 53039 | Vaults:1 | Noticed a shard shrike
 53039 | Vaults:1 | a juggernaut changed into a shard shrike
 53042 | Vaults:1 | a shard shrike changed into an acid blob
 53050 | Vaults:1 | Noticed a golden dragon
 53050 | Vaults:1 | an acid blob changed into a golden dragon
 53052 | Vaults:1 | a golden dragon changed into a quicksilver dragon
 53096 | Vaults:1 | Gained mutation: You are clumsy. (Dex -2) [Jiyva's grace]
 53125 | Vaults:1 | Lost mutation: Your system is resistant to poisons. (rPois)
                  | [Jiyva's grace]
 53150 | Vaults:1 | Identified the +2 ring mail of the Fisher {+Inv rF+++ Int+4
                  | Dex-5} (You found it on level 1 of the Vaults)
 53173 | Vaults:1 | Reached skill level 20 in Fighting
 53300 | Vaults:1 | Gained mutation: You can translocate small distances at
                  | will. [Jiyva's grace]
 53674 | Vaults:2 | Reached XP level 21. HP: 183/183 MP: 17/26
 53800 | Vaults:2 | Gained mutation: You are highly strong-willed. (Will++)
                  | [Jiyva's grace]
 53803 | Vaults:2 | Lost mutation: You are clumsy. (Dex -2) [Jiyva's grace]
 53915 | Vaults:2 | Gained mutation: Your flesh is heat resistant. (rF+)
                  | [Jiyva's grace]
 54007 | Vaults:2 | Gained mutation: You have very sharp teeth. [Jiyva's grace]
 54082 | Vaults:2 | Found Pemeus's Assorted Antiques.
 54086 | Vaults:2 | Bought a scroll of teleportation for 96 gold pieces
 54086 | Vaults:2 | Bought a scroll of identify for 64 gold pieces
 54086 | Vaults:2 | Bought a scroll of magic mapping for 112 gold pieces
 54086 | Vaults:2 | Bought a scroll of identify for 64 gold pieces
 54160 | Vaults:2 | Lost mutation: Your body has grown golden eyes which may
                  | confuse attackers. (Acc +3) [Jiyva's grace]
 54293 | Vaults:2 | Lost mutation: Your transparent skin significantly reduces
                  | your foes' accuracy. (Stealth) [Jiyva's grace]
 54342 | Vaults:2 | Gained mutation: You have acidic saliva. [Jiyva's grace]
 54453 | Vaults:2 | Gained mutation: Your body has grown golden eyes which may
                  | confuse attackers. (Acc +3) [Jiyva's grace]
 54715 | Vaults:2 | Lost mutation: Your mind is very acute. (Int +4) [Jiyva's
                  | grace]
 54726 | Vaults:2 | Gained mutation: You possess an exceptional clarity of
                  | mind. [Jiyva's grace]
 54729 | Vaults:2 | Lost mutation: Your translucent skin reduces your foes'
                  | accuracy. (Stealth) [Jiyva's grace]
 54963 | Vaults:2 | Gained mutation: Your body has grown many golden eyes which
                  | may confuse attackers. (Acc +5) [Jiyva's grace]
 54976 | Vaults:2 | Gained mutation: You are extremely strong-willed. (Will+++)
                  | [Jiyva's grace]
 55353 | Vaults:3 | Lost mutation: You have acidic saliva. [Jiyva's grace]
 55382 | Vaults:3 | Noticed Sojobo
 55408 | Vaults:3 | Killed Sojobo
 55418 | Vaults:3 | Gained mutation: You passively map the area around you.
                  | [Jiyva's grace]
 55429 | Vaults:3 | Found a flickering gateway to a bazaar.
 55439 | Bazaar   | Entered a bazaar
 55453 | Bazaar   | Found Puwnasch's Magic Scroll Shoppe.
 55468 | Bazaar   | Found Varagas's Antique Weapon Shoppe.
 55483 | Bazaar   | Found Nyditz's Magic Scroll Shoppe.
 55498 | Bazaar   | Found Vasixucu's General Store.
 55502 | Bazaar   | Bought a scroll of identify for 12 gold pieces
 55575 | Bazaar   | Bought a scroll of identify for 36 gold pieces
 55575 | Bazaar   | Bought a scroll of identify for 36 gold pieces
 55671 | Vaults:3 | Got a slimy jade amulet
 55672 | Vaults:3 | Identified the amulet of Suompap {Reflect +Fly SH+5} (You
                  | found it on level 3 of the Vaults)
 55767 | Vaults:3 | Lost mutation: Your pliable body absorbs attacks. (AC +2,
                  | EV +2) [Jiyva's grace]
 55875 | Vaults:3 | Gained mutation: You passively map a large area around you.
                  | [Jiyva's grace]
 56029 | Vaults:3 | Gained mutation: You are somewhat resistant to further
                  | mutation. [Jiyva's grace]
 56045 | Vaults:3 | Gained mutation: Your spells are a little harder to cast,
                  | but a little more powerful. [Jiyva's grace]
 56131 | Vaults:3 | Gained mutation: You have a small jelly attached to you
                  | that senses nearby items. [Jiyva's grace]
 56166 | Vaults:3 | Reached skill level 15 in Evocations
 56284 | Vaults:3 | Reached skill level 21 in Fighting
 56307 | Vaults:3 | Lost mutation: You possess an exceptional clarity of mind.
                  | [Jiyva's grace]
 56770 | Vaults:3 | Gained mutation: Your melee attacks may debilitate your
                  | foes. [demonic ancestry]
 56770 | Vaults:3 | Reached XP level 22. HP: 194/194 MP: 18/27
 56845 | Vaults:3 | Found a staircase to the Crypt.
 57103 | Vaults:4 | Gained mutation: You have an increased reservoir of magic.
                  | (+10% MP) [Jiyva's grace]
 57186 | Vaults:4 | Gained mutation: Your mind is very acute. (Int +4) [Jiyva's
                  | grace]
 57198 | Vaults:4 | Gained mutation: Your body is covered in golden eyes which
                  | may confuse attackers. (Acc +7, SInv) [Jiyva's grace]
 57237 | Vaults:4 | Lost mutation: You have a small jelly attached to you that
                  | senses nearby items. [Jiyva's grace]
 57392 | Vaults:4 | Lost mutation: Your body is covered in golden eyes which
                  | may confuse attackers. (Acc +7, SInv) [Jiyva's grace]
 57495 | Vaults:4 | Lost mutation: Your spells are a little harder to cast, but
                  | a little more powerful. [Jiyva's grace]
 57659 | Vaults:4 | Lost mutation: Your flesh is heat resistant. (rF+) [Jiyva's
                  | grace]
 57789 | Vaults:4 | Lost mutation: Your mind is very acute. (Int +4) [Jiyva's
                  | grace]
 57799 | Vaults:4 | Lost mutation: You are resistant to electric shocks.
                  | (rElec) [Jiyva's grace]
 57809 | Vaults:4 | Gained mutation: You have a pair of small horns on your
                  | head. [Jiyva's grace]
 58225 | Vaults:1 | Gained mutation: Your translucent skin reduces your foes'
                  | accuracy. (Stealth) [Jiyva's grace]
 58313 | Depths:1 | Entered Level 1 of the Depths
 58355 | Depths:1 | Lost mutation: You have an increased reservoir of magic.
                  | (+10% MP) [Jiyva's grace]
 58380 | Depths:1 | Found a gateway to Hell.
 58488 | Depths:1 | Lost mutation: You have a pair of small horns on your head.
                  | [Jiyva's grace]
 58548 | Depths:1 | Lost mutation: You have a small jelly attached to you that
                  | may absorb incoming projectiles. [Jiyva's grace]
 58596 | Depths:1 | Found a magical portal.
 58625 | WizLab   | Entered Iskenderun's Mystic Tower
 58655 | WizLab   | Reached skill level 22 in Fighting
 59124 | WizLab   | Identified Iskenderun's Disquisition on Attacks
 59124 | WizLab   | Identified Iskenderun's Guide on Conjuration
 59139 | WizLab   | Identified Ohyules's Catalogue of the Enchanting Entourage
 59348 | WizLab   | Lost mutation: Your translucent skin reduces your foes'
                  | accuracy. (Stealth) [Jiyva's grace]
 59416 | WizLab   | Lost mutation: Your mind is acute. (Int +2) [Jiyva's grace]
 59884 | Depths:2 | Gained mutation: Armour fits poorly on your pseudopods.
                  | [Jiyva's grace]
 59979 | Depths:2 | Reached XP level 23. HP: 169/204 MP: 19/28
 60305 | Depths:2 | Gained mutation: You have a small jelly attached to you
                  | that senses nearby items. [Jiyva's grace]
 60315 | Depths:2 | Gained mutation: Your translucent skin reduces your foes'
                  | accuracy. (Stealth) [Jiyva's grace]
 60318 | Depths:2 | Lost mutation: Armour fits poorly on your pseudopods.
                  | [Jiyva's grace]
 60324 | Depths:2 | Gained mutation: You are agile. (Dex +2) [Jiyva's grace]
 60330 | Depths:2 | Lost mutation: You are agile. (Dex +2) [Jiyva's grace]
 60542 | Depths:2 | Gained mutation: You are agile. (Dex +2) [Jiyva's grace]
 60569 | Depths:2 | Reached skill level 23 in Fighting
 60916 | Depths:2 | Lost mutation: You are agile. (Dex +2) [Jiyva's grace]
 61373 | Depths:3 | Lost mutation: Your body has grown many golden eyes which
                  | may confuse attackers. (Acc +5) [Jiyva's grace]
 61450 | Depths:3 | Gained mutation: You have acidic saliva. [Jiyva's grace]
 61476 | Depths:3 | Lost mutation: You passively map a large area around you.
                  | [Jiyva's grace]
 61539 | Depths:3 | Lost mutation: You are extremely strong-willed. (Will+++)
                  | [Jiyva's grace]
 61605 | Depths:3 | Gained mutation: You have sharp fingernails. [Jiyva's
                  | grace]
 61607 | Depths:3 | Found Damaolli's Jewellery Emporium.
 61608 | Depths:3 | Found Daexte's Gadget Shoppe.
 61608 | Depths:3 | Found Huptit's General Store.
 61612 | Depths:3 | Found Famee's Book Shoppe.
 61703 | Depths:3 | Found Zuhol's Jewellery Boutique.
 61847 | Depths:3 | Gained mutation: Armour fits poorly on your pseudopods.
                  | [Jiyva's grace]
 61911 | Depths:3 | Noticed a juggernaut
 61911 | Depths:3 | Noticed a juggernaut
 61938 | Depths:3 | Slimified a juggernaut
 61938 | Depths:3 | a juggernaut changed into an azure jelly
 61949 | Depths:3 | Slimified a juggernaut
 61949 | Depths:3 | a juggernaut changed into an azure jelly
 62111 | Depths:3 | Identified the Disquisition on the Creative Compass
 62120 | Depths:3 | Got a coiled crystal amulet
 62121 | Depths:3 | Identified the amulet "Ogucitz" {Inacc Dex+9} (You found it
                  | on level 3 of the Depths)
 62124 | Depths:3 | Got a polished leather armour
 62125 | Depths:3 | Identified the +3 leather armour of the Comet {+Inv rC+
                  | Int+2} (You found it on level 3 of the Depths)
 62162 | Depths:3 | Lost mutation: Your translucent skin reduces your foes'
                  | accuracy. (Stealth) [Jiyva's grace]
 62489 | Depths:3 | Noticed a juggernaut
 62495 | Depths:3 | Lost mutation: You passively map the area around you.
                  | [Jiyva's grace]
 62514 | Depths:3 | Killed a juggernaut
 62515 | Depths:3 | Reached skill level 15 in Shields
 62515 | Depths:3 | Reached XP level 24. HP: 74/216 MP: 19/28
 62537 | Depths:3 | Gained mutation: You are covered in slimy tendrils that may
                  | disarm your opponents. [Jiyva's grace]
 62660 | D:15     | Gained mutation: You possess an exceptional clarity of
                  | mind. [Jiyva's grace]
 62746 | Depths:3 | Gained mutation: Armour fits poorly on your large
                  | pseudopods. [Jiyva's grace]
 62927 | Depths:3 | Found a one-way gate leading to the halls of Pandemonium.
 63010 | Depths:4 | Noticed Saint Roka
 63049 | Depths:4 | Noticed Frederick
 63061 | Depths:4 | Killed Saint Roka
 63084 | Depths:4 | Killed Frederick
 63114 | Depths:4 | Reached skill level 24 in Fighting
 63318 | Depths:4 | Gained mutation: You are robust. (+10% HP) [Jiyva's grace]
 63319 | Depths:4 | Lost mutation: Your body has grown golden eyes which may
                  | confuse attackers. (Acc +3) [Jiyva's grace]
 63322 | Depths:4 | Gained mutation: You have a small jelly attached to you
                  | that may absorb incoming projectiles. [Jiyva's grace]
 63346 | Depths:4 | Noticed Rupert
 63393 | Depths:4 | Lost mutation: You are covered in slimy tendrils that may
                  | disarm your opponents. [Jiyva's grace]
 63427 | Depths:4 | Found a one-way gate to the infinite horrors of the Abyss.
 63462 | Depths:4 | Killed Rupert
 63725 | Depths:4 | Lost mutation: Your translucent skin slightly reduces your
                  | foes' accuracy. (Stealth) [Jiyva's grace]
 63767 | Depths:4 | Gained mutation: You passively map the area around you.
                  | [Jiyva's grace]
 64200 | Depths:4 | Found a shimmering blue altar of Sif Muna.
 64513 | Depths:4 | Lost mutation: You are somewhat resistant to further
                  | mutation. [Jiyva's grace]
 64542 | Depths:5 | Entered Level 5 of the Depths
 64927 | Depths:5 | Found a gate to the Realm of Zot.
 64931 | Depths:5 | Lost mutation: You possess an exceptional clarity of mind.
                  | [Jiyva's grace]
 65065 | Depths:5 | Found the +12 Vampire's Tooth {vamp}
 65369 | Depths:5 | Lost mutation: You have a small jelly attached to you that
                  | senses nearby items. [Jiyva's grace]
 65387 | Depths:5 | Found a gateway to a ziggurat.
 65998 | Elf:1    | Entered Level 1 of the Elven Halls
 66295 | Elf:1    | You fall into a shaft and drop 1 floor!
 66381 | Elf:2    | Noticed Asterion
 66397 | Elf:2    | Killed Asterion
 66404 | Elf:2    | Found a huge runed translucent gate.
 66405 | Elf:2    | Found a huge runed translucent gate.
 66406 | Elf:2    | Found a huge runed translucent gate.
 66407 | Elf:2    | Found a huge runed translucent gate.
 66408 | Elf:2    | Found a huge runed translucent gate.
 66516 | Elf:2    | Gained mutation: You have an absolutely massive brain. (Int
                  | +6, Wiz) [demonic ancestry]
 66516 | Elf:2    | Reached XP level 25. HP: 226/248 MP: 19/28
 66621 | Elf:2    | Lost mutation: You can translocate small distances at will.
                  | [Jiyva's grace]
 66651 | Elf:2    | Lost mutation: Your rubbery body absorbs attacks. (AC +1,
                  | EV +1) [Jiyva's grace]
 66728 | Elf:2    | Found Tapt's Magic Scroll Emporium.
 66730 | Elf:2    | Found Lica's Distillery.
 66732 | Elf:2    | Found Reacit's General Store.
 66749 | Elf:2    | Reached skill level 25 in Fighting
 66762 | Elf:2    | Bought a scroll of magic mapping for 56 gold pieces
 66762 | Elf:2    | Bought a scroll of identify for 32 gold pieces
 66764 | Elf:2    | Bought a potion of heal wounds for 90 gold pieces
 66800 | Elf:2    | Bought a scroll of brand weapon for 220 gold pieces
 66850 | Elf:2    | Gained mutation: You have a pair of small antennae on your
                  | head. [Jiyva's grace]
 66895 | Elf:2    | Identified the +10 mace of Kelop {vorpal, +Rage +Inv MP-9
                  | SInv}
 67171 | Elf:2    | Lost mutation: You are robust. (+10% HP) [Jiyva's grace]
 67270 | Elf:2    | Gained mutation: Your muscles are strong. (Str +2) [Jiyva's
                  | grace]
 67284 | Elf:2    | Lost mutation: You are highly strong-willed. (Will++)
                  | [Jiyva's grace]
 67595 | Elf:1    | Gained mutation: You are somewhat resistant to further
                  | mutation. [Jiyva's grace]
 67775 | Elf:1    | Lost mutation: You are somewhat resistant to further
                  | mutation. [Jiyva's grace]
 67967 | Elf:3    | Entered Level 3 of the Elven Halls
 68085 | Elf:3    | Found a runed translucent gate.
 68085 | Elf:3    | Found a runed translucent gate.
 68085 | Elf:3    | Found a runed translucent gate.
 68151 | Elf:3    | Found a runed translucent gate.
 68151 | Elf:3    | Found a runed translucent gate.
 68163 | Elf:3    | Found a runed translucent gate.
 68163 | Elf:3    | Noticed Zumogig's ghost (adept HuVM)
 68217 | Elf:3    | Killed Zumogig's ghost
 68228 | Elf:3    | Got a pair of heavily runed boots
 68231 | Elf:3    | Identified the +2 pair of boots of Narait {Harm rC+} (You
                  | found it on level 3 of the Elven Halls)
 68466 | Elf:3    | Lost mutation: Your muscles are strong. (Str +2) [Jiyva's
                  | grace]
 68496 | Elf:3    | Gained mutation: You are covered in fur. (AC +1) [Jiyva's
                  | grace]
 68503 | Elf:3    | Lost mutation: Armour fits poorly on your large pseudopods.
                  | [Jiyva's grace]
 68528 | Elf:3    | Lost mutation: You passively map the area around you.
                  | [Jiyva's grace]
 68537 | Elf:3    | Lost mutation: You have a pair of small antennae on your
                  | head. [Jiyva's grace]
 68541 | Elf:3    | Got a vibrating sapphire amulet
 68547 | Elf:3    | Lost mutation: You have sharp fingernails. [Jiyva's grace]
 68558 | Elf:3    | Lost mutation: You are strong-willed. (Will+) [Jiyva's
                  | grace]
 68561 | Elf:3    | Identified Ulustyore's Grimoire of Poisonous Earth
 68570 | Elf:3    | Identified the amulet "Yteixul" {RegenMP SInv} (You found
                  | it on level 3 of the Elven Halls)
 68574 | Elf:3    | Got a sparkling pewter ring
 68576 | Elf:3    | Identified the ring "Zekoul" {rC+ Will+ Str+3 Slay+2
                  | Stlth+} (You found it on level 3 of the Elven Halls)
 68599 | Elf:3    | Gained mutation: Your body has grown golden eyes which may
                  | confuse attackers. (Acc +3) [Jiyva's grace]
 68603 | Elf:3    | Got a slimy platinum amulet
 68610 | Elf:3    | Identified the amulet of Xom's Flight of Fancy {Reflect
                  | Will++ Str+7 Int+4 SH+5} (You found it on level 3 of the
                  | Elven Halls)
 68624 | Elf:3    | Got a brightly glowing bone ring
 68625 | Elf:3    | Identified the ring "Mucryes" {rElec rN+ AC+4 Str-4} (You
                  | found it on level 3 of the Elven Halls)
 69546 | Vaults:5 | Entered Level 5 of the Vaults
 69557 | Vaults:5 | Reached skill level 26 in Fighting
 69577 | Vaults:5 | Noticed an ancient lich
 69590 | Vaults:5 | Noticed an ancient lich
 69597 | Vaults:4 | HP: 4/230 [ancient lich/iron shot (52)]
 69598 | Vaults:4 | Killed an ancient lich
 69599 | Vaults:4 | Gained mutation: You are completely covered in sharp
                  | spines. [demonic ancestry]
 69599 | Vaults:4 | Reached XP level 26. HP: 5/238 MP: 10/28
 69727 | Vaults:4 | Gained mutation: Your body has grown many golden eyes which
                  | may confuse attackers. (Acc +5) [Jiyva's grace]
 69798 | Vaults:4 | Killed an ancient lich
 69921 | Vaults:5 | HP: 9/238 [frost giant/+2 battleaxe of freezing (3)]
 70212 | Vaults:4 | Lost mutation: Armour fits poorly on your pseudopods.
                  | [Jiyva's grace]
 70643 | Vaults:5 | Got a silver rune of Zot
 70682 | Vaults:5 | Gained mutation: Armour fits poorly on your pseudopods.
                  | [Jiyva's grace]
 70694 | Vaults:5 | Lost mutation: You have very sharp teeth. [Jiyva's grace]
 70697 | Vaults:5 | Lost mutation: You are covered in fur. (AC +1) [Jiyva's
                  | grace]
 70698 | Vaults:5 | Gained mutation: You have a pair of small horns on your
                  | head. [Jiyva's grace]
 70701 | Vaults:5 | Lost mutation: Armour fits poorly on your pseudopods.
                  | [Jiyva's grace]
 70702 | Vaults:5 | Lost mutation: Your body has grown many golden eyes which
                  | may confuse attackers. (Acc +5) [Jiyva's grace]
 70703 | Vaults:5 | Gained mutation: Your flesh is cold resistant. (rC+)
                  | [Jiyva's grace]
 70707 | Vaults:5 | Gained mutation: You have supernaturally acute eyesight.
                  | (SInv) [Jiyva's grace]
 70720 | Vaults:5 | Lost mutation: Your flesh is cold resistant. (rC+) [Jiyva's
                  | grace]
 70746 | Vaults:5 | Lost mutation: You have a pair of small horns on your head.
                  | [Jiyva's grace]
 70785 | Vaults:5 | Gained mutation: You are covered in slimy tendrils that may
                  | disarm your opponents. [Jiyva's grace]
 70872 | Vaults:5 | Gained mutation: Your translucent skin slightly reduces
                  | your foes' accuracy. (Stealth) [Jiyva's grace]
 70934 | Vaults:5 | Lost mutation: You passively map a small area around you.
                  | [Jiyva's grace]
 71177 | Vaults:5 | Gained mutation: You possess an exceptional clarity of
                  | mind. [Jiyva's grace]
 71182 | Vaults:5 | Gained mutation: Your system is resistant to poisons.
                  | (rPois) [Jiyva's grace]
 71183 | Vaults:5 | Lost mutation: Your translucent skin slightly reduces your
                  | foes' accuracy. (Stealth) [Jiyva's grace]
 71191 | Vaults:5 | Gained mutation: You passively map a small area around you.
                  | [Jiyva's grace]
 71275 | Vaults:5 | Identified the +10 hand axe "Ejih Pue" {vamp, rElec}
 71438 | Vaults:5 | Reached skill level 27 in Fighting
 71816 | Hell     | Entered the Vestibule of Hell
 71816 | Hell     | Noticed Geryon
 71837 | Hell     | Noticed Murray
 71856 | Hell     | Slain by Geryon

Illustrated notes

Levels and vault maps discovered:
D:1:      lemuel_arrival_behind_the_door_large, layout_loops_cross
D:2:      layout_loops_ring, uniq_terence, uniq_robin
D:3:      layout_loops_cross, marbit_many_paths
D:4:      layout_basic, serial_shops, shop, okawaru_trees_1
D:5:      layout_cave_pods, kennysheep_generic_room_10
D:6:      cheibrodos_two_vegetables, layout_basic, minmay_temple_entry_poolview,
          serial_co_window_serial, co_window_paths_a, co_window_paths_a,
          co_window_cross_1, co_window_corner_a, co_window_paths_b,
          co_window_paths_a, co_window_paths_a, co_window_paths_c,
          co_window_corner_ca, co_window_2corner, co_window_unsneaky_path_b,
          co_window_cross_2, glass_columns_a, glass_columns_c, glass_columns_a,
          minmay_gold_behind_fungi, st_stairs_2, minmay_fountain_box
D:7:      layout_rooms, nicolae_ossuary_entry_ruins,
          chequers_serial_rivers_micro_a
D:8:      layout_basic, enter_bailey_2, serial_shops, shop, uniq_grum,
          uniq_harold, uniq_erica
D:9:      layout_stronghold, bloody_trog, uniq_joseph
D:10:     layout_loops_ring, lair_entry_dummy, hiddenorc2_lemuel, enter_trove_1
D:11:     minmay_the_grid_square_5x5_4x4
          [minmay_the_grid_square_5x5_doubleslash,
          minmay_the_grid_square_5x5_trominoes,
          minmay_the_grid_square_5x5_empty, minmay_the_grid_square_5x5_tie,
          minmay_the_grid_square_5x5_v,
          minmay_the_grid_square_5x5_prize_deathbox,
          minmay_the_grid_square_5x5_prize_pseudospiral,
          minmay_the_grid_square_5x5_eight_small,
          minmay_the_grid_square_5x5_intrusive_squares,
          minmay_the_grid_square_5x5_prize_rear_guard,
          minmay_the_grid_square_5x5_prize_junk,
          minmay_the_grid_square_5x5_almost_minimal,
          minmay_the_grid_square_5x5_gyroscope,
          minmay_the_grid_square_5x5_tetrominoes,
          minmay_the_grid_square_5x5_lines,
          minmay_the_grid_square_5x5_shuriken], layout_layer_cave, special_room
          [special_room_orc]
D:12:     layout_basic
D:13:     layout_cave_pools, david_vaults_4, minmay_fractal_squares_gapless_7
D:14:     layout_rooms, chequers_serial_rivers_small_a,
          minmay_stone_trees_small, serial_park_tiny_pond, evilmike_butchery
D:15:     hangedman_depths_entry_try_elsewhere_first, layout_irregular_city,
          serial_column_ruins, column_ruins_hut_ruined,
          column_ruins_courtyard_long, column_ruins_corridor_straight,
          column_ruins_grid_1, column_ruins_open_small, serial_shops, shop,
          portal_ice_cave_entry_imps, minmay_misc_feat_x
Lair:1:   layout_gridlike, ebering_ghost_inner_flame, dpeg_stationary_puzzle,
          serial_bayou_shore_a, uniq_prince_ribbit2
Lair:2:   layout_cave_shapes, minmay_snake_entry_six_corridors,
          gauntlet_entry_generic
Lair:3:   layout_regular_city, swamp_mist_pool, serial_bayou_shore_b,
          uniq_fannar
Lair:4:   layout_small_grid, hellmonk_ghost_happy_afterlife, uniq_nessos,
          uniq_snorg
Lair:5:   layout_cave_pods, nicolae_slime_entry_slimehenge
Lair:6:   gammafunk_lair_ancient_temple, layout_regular_city, enter_volcano_2,
          chequers_serial_rivers_marsh
Swamp:1:  layout_falls_marsh, hangedman_swamp_cone
Swamp:2:  layout_basic_swamp, hangedman_swamp_blocks
Swamp:3:  layout_falls_marsh, evilmike_swamp_ruin_house_1, swamp_pool1
Swamp:4:  swamp_old_school, layout_basic_swamp, nicolae_swamp_round_clearing
Snake:1:  kennysheep_six_static_rooms, layout_rooms, uniq_roxanne, uniq_aizul,
          uniq_frances
Snake:2:  layout_onion, basic_altar, grunt_megastairs_4
Snake:3:  layout_rooms, gammafunk_ghost_cemetery, minmay_shop_grove, uniq_kirke
Snake:4:  grunt_snake_rune_spirals, layout_concentric_octagons, drop_trap,
          uniq_vashnia, uniq_nikola, uniq_bai_suzhen, uniq_louise
Slime:1:  layout_caves
Slime:2:  cheibrodos_slime_lost_civilization_2, layout_caves,
          cheibrodos_slime_lost_civilization_5
Slime:3:  layout_caves
Slime:4:  layout_caves, basic_altar, dissolution_awaits
Slime:5
Orc:1:    layout_diamond_mine
Orc:2:    grunt_orc_gardens, layout_caves, grunt_orc_garden, grunt_orc_garden,
          grunt_orc_garden, grunt_orc_garden, serial_shops, shop,
          elves_outpost_lemuel, uniq_maurice
Elf:1:    eino_elf_arrival_customs, layout_gridlike, minivault_28,
          grunt_ministairs_5, grunt_megastairs_1
Elf:2:    layout_rooms, minmay_shop_star, uniq_asterion
Elf:3:    minmay_elf_hall_x, layout_geoelf_grid,
          ploomutoo_gammafunk_ghost_potion_laboratory
Vaults:1: nicolae_vaults_what_the_h, dpeg_vaults_monster_row,
          hangedman_vaults_stretched_pinwheel, ontoclasm_vaults_ligature,
          grunt_vaults_bifocal, nicolae_vaults_stairing_the_circle,
          ontoclasm_vaults_echo, hangedman_vaults_capsules, v_misc_13,
          v_misc_32, hangedman_vaults_stagger, nicolae_vaults_shelves_hall,
          layout_vaults_ring, portal_desolation_entry_salt, serial_shops,
          shop_coins
Vaults:2: nicolae_vaults_windows_and_doors_thing, grunt_vaults_swirl, v_misc_3,
          vaults_mumra_minichess_inversion, dpeg_vaults_monster_box,
          hangedman_vaults_hat, ontoclasm_vaults_claustrophobia,
          grunt_vaults_diagonal, vaults_dpeg_ring, ontoclasm_vaults_gateway,
          nicolae_vaults_rhombus_6, dpeg_vaults_pockets_of_resistance,
          v_misc_23, layout_vaults_omnicross, serial_shops, shop
Vaults:3: grunt_vaults_funnel, grunt_vaults_focal,
          minmay_crypt_entry_skeletal_spiral, vaults_dpeg_cross,
          vaults_mumra_chevron_long, grunt_vaults_hallway_short,
          hangedman_vaults_nails, vaults_dpeg_encased_lava, grunt_vaults_twisty,
          nicolae_vaults_diagonal_hallway_7, vaults_dpeg_doors,
          hangedman_vaults_snaps, ontoclasm_vaults_ring_large,
          layout_vaults_omnigrid, serial_shops, freezing_bzr, uniq_sojobo
Vaults:4: nicolae_vaults_specimen_jars, nicolae_vaults_inception_scallops,
          nicolae_vaults_holding_cells, nicolae_vaults_big_ls,
          vaults_room_boxed, ontoclasm_vaults_ring_small, serial_ice_g,
          ontoclasm_vaults_twist, grunt_vaults_hallway_long,
          nicolae_vaults_mini_display_case, v_rooms_4,
          nicolae_vaults_little_squares_5, layout_vaults_maze_snakey
Vaults:5
Depths:1: layout_cave_pools, lightli_enter_wizlab_magi_temple, hell_entry,
          lemuel_nasty_fountain
Depths:2: minmay_quantized_circle, layout_basic, hangedman_decor_opposing,
          hell_entry, feat_on_display, infiniplex_staircase_squiggle
Depths:3: little_maze_vault, layout_small_grid, serial_shops, shop_statue,
          hangedman_tar_grid_catacomb, rand_demon_pan_entry_9,
          infiniplex_staircase_x, firewood_loft, minmay_shoptagon,
          serial_bayou_shore_b
Depths:4: minmay_crystal_thing, layout_basic, grunt_hell_entry_dis_old,
          abyss_entry_small_statue_room, infiniplex_staircase_zigzag_1,
          sword_in_stone, uniq_saint_roka
Depths:5: grunt_zot_entry_alcove, layout_gridlike, enter_ziggurat_e,
          rand_demon_pan_entry_8, hell_entry, hangedman_abyss_entry_splay,
          minmay_guarded_unrand_vampires_tooth, roderic_lattice_octagonal_star
Hell

Skill      XL: |  1  2  3  4  5  6  7  8  9 10 11 12 13 14 15 16 17 18 19 20 21 22 23 24 25 26 |
---------------+-------------------------------------------------------------------------------+-----
Dodging        | 3 4 5 6 7 8 9 10 12 13 14 15 16 17 18 | 18.0
Unarmed Combat | 3 4 5 |  5.0
Fighting       | 4 5 6 8 9 10 11 13 14 16 17 18 19 20 21 22 23 24 26 27 | 27.0
Invocations    | 2 3 4 5 6 7 |  7.0
Maces & Flails | 1 4 7 9 11 12 13 | 13.0
Shields        | 2 4 8 10 12 15 17 18 19 | 19.0
Armour         | 6 9 10 13 | 13.3
Evocations     | 2 9 11 13 15 | 15.0
Stealth        | |  1.7

Action                   |  1- 3 |  4- 6 |  7- 9 | 10-12 | 13-15 | 16-18 | 19-21 | 22-24 | 25-27 || total
-------------------------+-------+-------+-------+-------+-------+-------+-------+-------+-------++-------
Melee: Unarmed           |   106 |   144 |    62 |       |       |       |       |       |       ||   312
       Punch             |     2 |     2 |     5 |     7 |       |       |       |       |       ||    16
       Kick              |    12 |    37 |    70 |   233 |   725 |  1185 |   932 |  1379 |   583 ||  5156
       Whip              |       |       |   229 |   802 |  1808 |  2323 |  1183 |    47 |       ||  6392
       Demon whip        |       |       |       |       |    87 |    55 |   305 |  2157 |   105 ||  2709
       Pseudopods        |       |       |       |       |       |   256 |       |   490 |   186 ||   932
       Bite              |       |       |       |       |       |       |   134 |   534 |   226 ||   894
       Headbutt          |       |       |       |       |       |       |       |    53 |    10 ||    63
       Mace              |       |       |       |       |       |       |       |       |   743 ||   743
Invok: Heroism           |       |     1 |     2 |     8 |    13 |     2 |       |       |       ||    26
       Finesse           |       |       |       |     3 |     4 |     2 |       |       |       ||     9
       Request Jelly     |       |       |       |       |       |    89 |    15 |    13 |     1 ||   118
       Slimify           |       |       |       |       |       |    21 |       |     4 |       ||    25
 Abil: Blink             |       |       |       |       |       |     5 |       |       |       ||     5
Evoke: Wand              |       |       |     4 |       |     5 |     1 |       |    17 |       ||    27
       Condenser vane    |       |       |       |       |       |     2 |     1 |     3 |     4 ||    10
       Phial of floods   |       |       |       |       |       |       |     1 |     1 |     2 ||     4
       Phantom mirror    |       |       |       |       |       |       |     1 |       |       ||     1
  Use: Scroll            |       |       |    23 |     4 |    19 |     5 |    11 |     5 |    15 ||    82
       Potion            |       |       |       |       |     2 |    12 |     2 |     1 |    11 ||    28
 Stab: Sleeping          |     3 |     3 |       |     2 |     4 |     5 |    12 |     7 |     2 ||    38
       Distracted        |     1 |       |       |       |     2 |     6 |     9 |     5 |     2 ||    25
       Paralysed         |       |       |       |       |     2 |       |     8 |    41 |     2 ||    53
       Invisible         |       |       |       |       |       |     2 |       |       |     2 ||     4
       Confused          |       |       |       |       |       |     1 |     9 |    72 |     6 ||    88
       Petrifying        |       |       |       |       |       |       |       |    28 |       ||    28
       Petrified         |       |       |       |       |       |       |       |     9 |       ||     9
Armor: Robe              |     4 |       |       |       |       |       |       |       |       ||     4
       Ring mail         |    13 |    29 |    65 |    76 |       |       |       |       |       ||   183
       Troll leather arm |       |       |       |    38 |   246 |   293 |   161 |   172 |   141 ||  1051
       Chain mail        |       |       |       |       |     9 |       |       |       |       ||     9
Dodge: Dodged            |    60 |    75 |   154 |   340 |   714 |  1132 |   875 |  1127 |   695 ||  5172
Block: Other             |       |       |    21 |    73 |       |       |       |       |       ||    94
       Reflection        |       |       |       |    51 |    31 |   143 |    59 |    91 |    71 ||   446
       Buckler           |       |       |       |   176 |   714 |  1159 |   772 |  1038 |   791 ||  4650
